 Dungeon Crawl Stone Soup version 0.25-a0-251-g572059c536 (webtiles) character file.

Game seed: 1792806149536195434, levelgen mode: classic

123 Borgoz the Skirmisher (level 5, -5/32 HPs)
             Began as a Gargoyle Gladiator on Dec 4, 2019.
             Blown up by Ijyb (30 damage)
             ... with a disintegration bolt
             ... on level 3 of the Dungeon.
             The game lasted 00:02:42 (2061 turns).

Borgoz the Skirmisher (Gargoyle Gladiator)          Turns: 2061, Time: 00:02:43

Health: -5/32      AC: 10    Str: 18    XL:     5   Next: 7%
Magic:  5/5        EV: 11    Int:  9    God:
Gold:   140        SH:  0    Dex: 11    Spells: 4/4 levels left

rFire    . . .     SeeInvis .   b - +0 dagger (venom)
rCold    . . .     Gourm    .   (no shield)
rNeg     + . .     Faith    .   n - +0 ring mail (curse)
rPois    ∞         Spirit   .   c - +0 helmet
rElec    +         Reflect  .   (no cloak)
rCorr    .         Harm     .   (no gloves)
MR       .....                  (no boots)
Stlth    +.........             (no amulet)
HPRegen  0.10/turn              l - ring of flight
MPRegen  0.09/turn              (no ring)

@: no status effects
A: negative energy resistance 1, electricity resistance, unbreathing,
petrification resistance, rot immunity, AC +4
a: Evoke Flight


You were on level 3 of the Dungeon.
You were not hungry.

You visited 1 branch of the dungeon, and saw 3 of its levels.

You collected 140 gold pieces.

Inventory:

Hand Weapons
 a - a +0 rapier
 b - a +0 dagger of venom (weapon)
Missiles
 d - 4 throwing nets (quivered)
Armour
 c - a +0 helmet (worn)
 n - a cursed +0 ring mail (worn)
Jewellery
 l - a ring of flight (left hand)
Scrolls
 e - 2 scrolls of amnesia {unknown}
 j - a scroll of magic mapping {unknown}
 k - a scroll of fog {unknown}
 m - 3 scrolls of teleportation {unknown}
 o - a scroll of remove curse {unknown}
 p - 2 scrolls of immolation {unknown}
 r - a scroll of noise {unknown}
 s - a scroll of random uselessness {unknown}
 v - a scroll of enchant armour {unknown}
Potions
 h - a potion of brilliance
 i - 2 potions of agility {unknown}
 q - a potion of haste
 u - 2 potions of flight {unknown}
 w - a potion of mutation {unknown}
Comestibles
 f - 8 rations
 g - 2 chunks of flesh


   Skills:
 * Level 3.5 Fighting
 * Level 3.5 Short Blades
 - Level 1.7 Throwing
 * Level 2.4 Armour
 + Level 2.8 Dodging


You had 4 spell levels left.
You didn't know any spells.
Your spell library contained the following spells:

 Spells                   Type           Power        Failure   Level  Hunger
 Corona                   Hex            #......      56%         1    ##.....
 Ensorcelled Hibernation  Hex/Ice        #.....       71%         2    ###....
 Confuse                  Hex            #.......     91%         3    ####...
 Dazzling Flash           Conj/Hex       #.....       91%         3    ####...
 Tukima's Dance           Hex            #.......     91%         3    ####...


Dungeon Overview and Level Annotations

Branches:
Dungeon (3/15)

Altars:
Ashenzari
Kikubaaqudgha
Zin
The Shining One

Annotations:
D:3 Ijyb


Innate Abilities, Weirdness & Mutations

You are resistant to torment.
Your stone body is resilient. (AC +4)
You are immune to poison.
You resist negative energy. (rN+)
You are resistant to electric shocks. (rElec)
You can survive without breathing.
You are immune to petrification.
You are immune to rotting.


Message History

No target in view!
You see here a worm corpse.
You butcher the worm corpse.
g - 2 chunks of flesh (gained 1)
You see here an adder corpse.
You butcher the adder corpse.
g - 3 chunks of flesh (gained 1)
You see here an adder skeleton.
Eating one of 3 chunks of flesh.
You eat one of the 3 chunks of flesh.
This raw flesh tastes terrible.
Ijyb the Twisted Goblin comes into view.
She is wielding a +0 club and carrying a wand of disintegration (10).
Ijyb zaps a wand.
You are blasted!
Ijyb is nearby!
Ijyb is nearby!
Ijyb is nearby!
Ijyb screams, "Die!"
Ijyb zaps a wand.
You barely resist.
Ijyb zaps a wand.
You are blasted!
Ouch! That really hurt!
You die...

# #.#..###.### #
#.#..##..# # #.#..##.##
############# #.#..##.#
.#.....#.....# #.#...#.#
..............##.#.#.#.#
...............#.#.#...#
...............#g#.##..#
<..............#@#.##.##
...............#.#.##[#
.................#.##..
...............###)##..
#..............# #.##..#
........#>....####.#....
......#..####.>....#.#
......#..#........(#.#
).#####...........##.#


You could see Ijyb.

Vanquished Creatures
  An orc wizard (D:3)
  3 adders (D:3)
  An ooze (D:3)
  A worm (D:3)
  3 dart slugs
  A leopard gecko (D:2)
  4 orcs (D:3)
  2 giant cockroaches (D:2)
  8 goblins
  9 hobgoblins
  2 jackals (D:1)
  5 kobolds
  A quokka (D:2)
  6 bats
  2 frilled lizards
  4 rats
53 creatures vanquished.

Notes
Turn   | Place    | Note
-------+----------+-------------------------------------------
     0 | D:1      | Borgoz the Gargoyle Gladiator began the quest for the Orb.
     0 | D:1      | Reached XP level 1. HP: 12/12 MP: 1/1
   288 | D:1      | Reached XP level 2. HP: 16/18 MP: 2/2
   380 | D:1      | Reached skill level 1 in Armour
   660 | D:1      | Reached XP level 3. HP: 21/22 MP: 3/3
  1482 | D:3      | Reached XP level 4. HP: 22/28 MP: 4/4
  1772 | D:3      | Found a glowing golden altar of the Shining One.
  1772 | D:3      | Found a shattered altar of Ashenzari.
  1779 | D:3      | Found an ancient bone altar of Kikubaaqudgha.
  1779 | D:3      | Found a glowing silver altar of Zin.
  1962 | D:3      | Reached XP level 5. HP: 30/32 MP: 5/5
  2059 | D:3      | Noticed Ijyb
  2061 | D:3      | Blown up by Ijyb

Levels and vault maps discovered:
D:1:      tarquinn_simple_flora_water_f, layout_basic, chequers_jeans,
          chequers_serial_rivers_micro_b, chequers_serial_rivers_marsh
D:2:      layout_basic
D:3:      layout_rooms, grunt_temple_overflow_open, uniq_ijyb

Skill      XL: |  1  2  3  4 |
---------------+-------------+-----
Armour         | 1 2 |  2.4
Short Blades   | 3 |  3.5
Fighting       | 3 |  3.5
Throwing       | |  1.7
Dodging        | |  2.8

Action                   |  1- 3 |  4- 6 || total
-------------------------+-------+-------++-------
Melee: Rapier            |    21 |       ||    21
       Dagger            |    99 |    74 ||   173
  Use: Scroll            |       |     3 ||     3
       Potion            |       |     1 ||     1
  Eat: Chunk             |     2 |     2 ||     4
Armor: Leather armour    |    25 |       ||    25
       Ring mail         |    22 |    17 ||    39
       Skin              |       |    57 ||    57
Dodge: Dodged            |    71 |    23 ||    94

Table legend:
 A = Non-vault XP
 B = Vault XP
 C = Vault XP percentage of total XP
 D = Non-vault monster count
 E = Vault monster count
 F = Vault count percentage of total count
                 A         B        C        D         E       F
            +---------+---------+-------+---------+---------+-------
      Total |     177 |       0 |   0.0 |      53 |       0 |   0.0
            +---------+---------+-------+---------+---------+-------
        D:1 |      36 |       0 |   0.0 |      21 |       0 |   0.0
        D:2 |      27 |       0 |   0.0 |      12 |       0 |   0.0
        D:3 |     114 |       0 |   0.0 |      20 |       0 |   0.0
            +---------+---------+-------+---------+---------+-------
